Map: Odyssey LE

Players

Dessa - Winner!

  • Race: Zerg Zerg
  • League: Diamond
  • Spawn Location: 5:00

LoleK

  • Race: Terran Terran
  • League: Diamond
  • Spawn Location: 11:00

VOD

Have the link to the VOD?

Description

Time

  • Played on: Jan. 14, 2018, 12:13 p.m.
  • Length: 9:45
Show
View Real Time Build Order
Export as new Build Order

Dessa Zerg - Winner!

Build Orders: Hatch First 

Get SALT Encoding   

  12  0:01  Drone  
  13  0:12  Overlord  
  13  0:17  Drone  
  14  0:30  Drone  
  14  0:31  Drone  
  14  0:35  Drone  
  17  0:53  Hatchery  
  17  0:56  Drone  
  17  1:00  Drone, Extractor  
  17  1:15  Spawning Pool  
  17  1:17  Drone  
  17  1:21  Drone  
  18  1:31  Overlord  
  18  1:43  Drone  
  19  2:01  Metabolic Boost  
  19  2:02  Queen  
  19  2:03  Zergling x4  
  23  2:08  Queen  
  23  2:12  Drone  
  26  2:16  Drone  
  27  2:28  Drone  
  27  2:29  Drone  
  29  2:34  Drone  
  29  2:35  Overlord  
  30  2:41  Queen  
  32  2:44  Drone  
  32  2:47  Drone  
  32  2:50  Drone  
  35  2:55  Drone  
  36  3:06  Drone  
  36  3:07  Drone  
  38  3:19  Overlord  
  38  3:24  Drone x4  
  41  3:39  Zergling x4  
  43  3:49  Drone x2, Overlord  
  43  3:53  Hatchery  
  44  3:55  Baneling Nest  
  44  3:58  Drone x2, Extractor  
  44  3:59  Drone x3  
  47  4:04  Overlord  
  47  4:18  Overlord  
  47  4:21  Drone  
  47  4:22  Drone x3, Extractor  
  47  4:23  Zergling x2  
  51  4:26  Evolution Chamber  
  51  4:27  Evolution Chamber  
  49  4:34  Lair  
  49  4:36  Overlord  
  49  4:48  Overlord  
  49  4:49  Drone x3  
  49  4:50  Drone  
  49  4:51  Drone  
  49  4:52  Drone  
  55  4:54  Zerg Melee Weapons Level 1  
  55  4:55  Zerg Ground Armor Level 1  
  55  5:13  Queen  
  57  5:18  Zergling x12  
  57  5:19  Baneling x2  
  63  5:22  Drone x4  
  67  5:29  Zergling x4  
  69  5:48  Overlord  
  69  5:50  Overlord  
  69  5:52  Pneumatized Carapace  
  69  5:56  Baneling x2, Extractor  
  69  5:57  Baneling x6  
  68  6:02  Drone x3  
  68  6:03  Drone x4  
  75  6:26  Drone  
  75  6:27  Drone x3, Hydralisk Den  
  75  6:31  Drone, Extractor x2  
  75  6:32  Overlord  
  77  6:34  Drone x3  
  77  6:35  Drone x3  
  77  6:36  Drone x3  
  86  6:57  Hydralisk x4, Muscular Augments  
  86  6:58  Hydralisk x4  
  86  6:59  Zergling x8  
  104  7:12  Hydralisk x4  
  104  7:13  Zergling x2  
  104  7:14  Zergling x2  
  113  7:19  Centrifical Hooks  
  113  7:23  Baneling x3  
  113  7:24  Baneling x5  
  113  7:27  Zerg Melee Weapons Level 2  
  113  7:45  Hatchery  
  112  8:01  Drone x2  
  112  8:02  Infestation Pit  
  113  8:14  Overlord  
  113  8:15  Extractor, Overlord x2  
  113  8:16  Extractor  
  111  8:29  Overlord  
  111  8:30  Overlord  
  110  8:51  Zergling x6  
  110  8:52  Zergling x16  
  110  8:53  Zergling x8  
  111  9:17  Zergling x18  
  111  9:18  Zergling x4  
  117  9:28  Zergling x8  
Show
View Real Time Build Order
Export as new Build Order

LoleK Terran 

Build Orders: Command Center First (CC), MMM Bio 

Get SALT Encoding   

  12  0:01  SCV  
  14  0:14  SCV  
  14  0:21  Supply Depot  
  14  0:28  SCV  
  14  0:29  Refinery  
  15  0:43  SCV  
  16  0:55  SCV  
  17  1:07  SCV  
  18  1:19  SCV  
  18  1:20  Command Center  
  19  1:31  SCV  
  20  1:39  Barracks  
  20  1:45  SCV  
  21  2:01  SCV  
  22  2:25  Orbital Command  
  22  2:28  Barracks Reactor  
  22  2:31  Factory  
  22  2:44  Orbital Command  
  22  2:51  Barracks  
  22  2:53  SCV  
  23  3:05  SCV  
  23  3:07  Marine x2  
  25  3:21  Hellion  
  27  3:29  SCV  
  27  3:32  Supply Depot  
  27  3:41  SCV, Marine  
  27  3:42  Marine  
  27  3:43  Barracks Tech Lab  
  30  3:49  Barracks  
  30  3:51  Starport  
  30  3:53  SCV, Factory Tech Lab  
  31  3:59  Marine x2  
  33  4:06  SCV x2  
  35  4:13  Stimpack  
  35  4:17  Marine x2  
  35  4:18  SCV x2  
  35  4:19  Marauder  
  41  4:30  SCV, Medivac  
  44  4:35  Marine x2  
  46  4:41  Supply Depot  
  46  4:51  Refinery  
  46  4:56  Barracks  
  46  5:04  Marine x4  
  50  5:14  SCV x2  
  50  5:17  Refinery  
  52  5:22  Marine  
  52  5:26  SCV  
  54  5:40  Supply Depot  
  54  5:41  Supply Depot  
  54  5:42  Supply Depot  
  54  5:57  Command Center  
  54  6:01  Medivac, Marine x4  
  54  6:02  SCV x2  
  54  6:03  Marine  
  63  6:05  Widow Mine  
  63  6:14  SCV x2  
  65  6:19  Marine x4  
  65  6:20  Marine  
  65  6:21  Engineering Bay  
  65  6:22  Engineering Bay  
  70  6:26  SCV x2, Widow Mine  
  70  6:30  Supply Depot  
  74  6:37  Marine x2  
  74  6:38  SCV x2  
  78  6:48  Terran Infantry Weapons Level 1  
  78  6:49  Terran Infantry Armor Level 1  
  78  6:51  SCV x2  
  78  6:52  Marine x2  
  82  7:03  SCV x2  
  85  7:15  SCV x2  
  85  7:26  Refinery  
  85  7:27  SCV x2, Marine x4  
  85  7:28  Medivac  
  93  7:33  Armory  
  93  7:39  SCV x3  
  96  7:47  Marine  
  96  7:48  Marine, Combat Shields  
  96  7:51  SCV, Barracks Reactor x2  
  99  7:52  SCV x2  
  101  8:00  Barracks  
  101  8:01  Barracks  
  101  8:20  Supply Depot  
  101  8:23  Supply Depot  
  101  8:42  SCV x2, Medivac, Marine x4  
  101  8:43  SCV, Supply Depot, Marine  
  101  8:44  Marine x2  
  101  8:46  Supply Depot  
  108  8:54  SCV x2  
  108  8:55  SCV  
  111  8:59  Marine x4  
  111  9:01  Marine  
  111  9:02  Marine  
  117  9:04  Marine  
  117  9:06  SCV x2  
  117  9:07  SCV  
  95  9:17  Marine x4  
  95  9:19  Marine  
  95  9:20  Marine  
  95  9:22  Marine  
Tags
 
Add a new tag
Caveats
  • Supply blocks, unpowered buildings, or Contaminate may cause inaccurate times.
  • Supply counts are checked every 10 seconds.